[ AOE2 MATCH · #471174636 ]
UnrankedSaracens vs Mongols
Player's team · LOSS
Rival team · WIN
[ REPLAY ANALYSIS · EXTRACTED FROM THE RECORDED GAME ]
Feudal
8:53
Castle
20:35
Imperial
—
| APM avg | 59.3 |
| APM peak | 89 |
| eAPM avg | 21.5 |
| Villagers / military | 84 / 55 |
Focus
⚔️ 38.1% · 🌾 61.9%
Skirmisher ×28 · Archer ×22 · Spearman ×5
Feudal
8:25
Castle
19:47
Imperial
—
| APM avg | 66.1 |
| APM peak | 89 |
| eAPM avg | 22.1 |
| Villagers / military | 63 / 71 |
Focus
⚔️ 40.0% · 🌾 60.0%
Cavalry Archer ×56 · Archer ×8 · Scout Cavalry ×3 · Steppe Lancer ×3 · Spearman ×1
Match map
Initial resources + every placement click. Lines = walls · curves = elevation contours. ◆ gold · ⬟ stone · ● berries · ✦ relic · ◌ wall gap
Your base· Open — opponent sealed themselves in
KauTrEnS's base· ✓ Closed at 19:47 · 24t walls · no gate
Smoothed initial terrain · ◌ = detected wall gap · hover for details
Inputs per minute
— Hameed - - KauTrEnS
Build order — Hameed
First 150 of 222 actions detected
| 0:01 | Create | Villager (Male) |
| 0:01 | Create | Villager (Male) |
| 0:02 | Build | House |
| 0:03 | Build | House |
| 0:08 | Create | Villager (Male) |
| 0:08 | Create | Villager (Male) |
| 1:25 | Create | Villager (Male) |
| 2:06 | Create | Villager (Male) |
| 2:06 | Create | Villager (Male) |
| 2:07 | Create | Villager (Male) |
| 2:08 | Create | Villager (Male) |
| 2:08 | Create | Villager (Male) |
| 2:42 | Build | Lumber Camp |
| 2:54 | Create | Villager (Male) |
| 2:54 | Create | Villager (Male) |
| 2:54 | Create | Villager (Male) |
| 3:21 | Create | Villager (Male) |
| 3:21 | Create | Villager (Male) |
| 3:59 | Build | House |
| 4:08 | Create | Villager (Male) |
| 4:08 | Create | Villager (Male) |
| 4:11 | Create | Villager (Male) |
| 4:11 | Create | Villager (Male) |
| 4:33 | Build | Mill |
| 4:51 | Create | Villager (Male) |
| 4:51 | Create | Villager (Male) |
| 5:35 | Create | Villager (Male) |
| 6:06 | Research | Loom |
| 6:43 | Research | Feudal Age |
| 7:01 | Build | Lumber Camp |
| 7:08 | Build | House |
| 7:09 | Build | House |
| 8:10 | Build | Barracks |
| 8:18 | Build | Palisade Wall |
| 8:51 | Create | Villager (Male) |
| 8:53 | Age | Feudal Age |
| 8:58 | Research | Double-Bit Axe |
| 8:59 | Research | Horse Collar |
| 9:07 | Create | Spearman |
| 9:09 | Build | House |
| 9:21 | Build | Palisade Wall |
| 9:24 | Create | Villager (Male) |
| 9:36 | Create | Spearman |
| 9:46 | Build | House |
| 9:54 | Create | Villager (Male) |
| 9:56 | Build | Farm |
| 10:15 | Build | Farm |
| 10:17 | Build | Farm |
| 10:22 | Create | Villager (Male) |
| 10:22 | Create | Villager (Male) |
| 10:23 | Build | Farm |
| 10:38 | Build | Farm |
| 10:43 | Build | Farm |
| 10:52 | Create | Villager (Male) |
| 10:57 | Build | Palisade Wall |
| 10:58 | Build | Palisade Wall |
| 11:19 | Create | Villager (Male) |
| 11:33 | Build | Archery Range |
| 11:38 | Create | Villager (Male) |
| 11:39 | Build | Farm |
| 12:01 | Build | Farm |
| 12:13 | Create | Villager (Male) |
| 12:37 | Create | Skirmisher |
| 12:39 | Build | Farm |
| 12:40 | Create | Villager (Male) |
| 12:43 | Build | Farm |
| 12:45 | Create | Villager (Male) |
| 12:53 | Create | Skirmisher |
| 13:07 | Build | House |
| 13:09 | Create | Villager (Male) |
| 13:11 | Build | Farm |
| 13:12 | Build | Farm |
| 13:24 | Create | Villager (Male) |
| 13:28 | Build | Farm |
| 13:29 | Create | Villager (Male) |
| 14:02 | Create | Villager (Male) |
| 14:16 | Create | Skirmisher |
| 14:30 | Create | Villager (Male) |
| 14:39 | Build | Blacksmith |
| 14:40 | Create | Villager (Male) |
| 14:52 | Create | Skirmisher |
| 14:59 | Build | House |
| 15:23 | Build | Mining Camp |
| 15:28 | Build | House |
| 15:31 | Create | Skirmisher |
| 15:51 | Create | Skirmisher |
| 15:57 | Create | Villager (Male) |
| 16:11 | Build | House |
| 16:16 | Create | Skirmisher |
| 16:45 | Research | Fletching |
| 16:49 | Create | Spearman |
| 17:13 | Create | Spearman |
| 17:18 | Create | Villager (Male) |
| 17:25 | Create | Spearman |
| 17:44 | Create | Archer |
| 17:45 | Create | Archer |
| 17:48 | Build | Archery Range |
| 17:55 | Research | Castle Age |
| 17:55 | Research | Castle Age |
| 17:58 | Research | Gold Mining |
| 17:58 | Research | Gold Mining |
| 18:14 | Build | House |
| 18:24 | Research | Padded Archer Armor |
| 18:25 | Create | Archer |
| 18:30 | Create | Archer |
| 18:45 | Create | Archer |
| 18:50 | Build | Farm |
| 19:03 | Create | Archer |
| 19:03 | Create | Archer |
| 19:09 | Create | Archer |
| 19:09 | Create | Archer |
| 19:29 | Create | Archer |
| 19:29 | Create | Archer |
| 19:54 | Create | Archer |
| 19:54 | Create | Archer |
| 20:35 | Age | Castle Age |
| 20:36 | Build | Town Center |
| 20:37 | Research | Crossbowman (upgrade) |
| 20:38 | Research | Bodkin Arrow |
| 21:00 | Research | Bodkin Arrow |
| 21:32 | Create | Archer |
| 21:33 | Create | Archer |
| 21:34 | Create | Villager (Male) |
| 21:37 | Build | Town Center |
| 21:39 | Create | Villager (Male) |
| 21:48 | Create | Villager (Male) |
| 21:52 | Create | Villager (Male) |
| 21:55 | Build | Farm |
| 21:58 | Create | Villager (Male) |
| 21:59 | Create | Villager (Male) |
| 22:03 | Create | Archer |
| 22:03 | Create | Archer |
| 22:06 | Research | Bow Saw |
| 22:07 | Research | Bow Saw |
| 22:20 | Create | Archer |
| 22:20 | Create | Archer |
| 22:23 | Create | Villager (Male) |
| 22:29 | Build | House |
| 22:31 | Build | House |
| 22:43 | Research | Elite Skirmisher (upgrade) |
| 22:48 | Build | House |
| 22:50 | Build | Palisade Wall |
| 22:52 | Build | House |
| 22:53 | Build | Palisade Wall |
| 23:01 | Create | Archer |
| 23:02 | Create | Villager (Male) |
| 23:02 | Create | Villager (Male) |
| 23:05 | Create | Villager (Male) |
| 23:15 | Create | Skirmisher |
| 23:15 | Create | Skirmisher |
Build order — KauTrEnS
First 150 of 216 actions detected
| 0:00 | Create | Villager (Male) |
| 0:00 | Create | Villager (Male) |
| 0:02 | Build | House |
| 0:03 | Build | House |
| 0:11 | Create | Villager (Male) |
| 0:11 | Create | Villager (Male) |
| 0:12 | Create | Villager (Male) |
| 1:30 | Create | Villager (Male) |
| 2:05 | Create | Villager (Male) |
| 2:05 | Create | Villager (Male) |
| 2:15 | Build | Lumber Camp |
| 2:25 | Create | Villager (Male) |
| 2:25 | Create | Villager (Male) |
| 2:46 | Create | Villager (Male) |
| 2:46 | Create | Villager (Male) |
| 3:34 | Create | Villager (Male) |
| 3:47 | Create | Villager (Male) |
| 3:50 | Build | House |
| 3:55 | Create | Villager (Male) |
| 3:56 | Create | Villager (Male) |
| 4:42 | Create | Villager (Male) |
| 4:44 | Build | Mill |
| 5:18 | Create | Villager (Male) |
| 5:18 | Create | Villager (Male) |
| 6:05 | Research | Feudal Age |
| 6:36 | Research | Loom |
| 7:05 | Build | Barracks |
| 7:28 | Build | House |
| 8:13 | Create | Villager (Male) |
| 8:25 | Age | Feudal Age |
| 8:31 | Build | Stable |
| 8:35 | Research | Double-Bit Axe |
| 8:36 | Research | Double-Bit Axe |
| 8:37 | Create | Villager (Male) |
| 8:49 | Research | Horse Collar |
| 8:49 | Research | Horse Collar |
| 9:00 | Create | Spearman |
| 9:12 | Create | Scout Cavalry |
| 9:17 | Build | House |
| 9:30 | Create | Villager (Male) |
| 9:42 | Create | Villager (Male) |
| 9:42 | Create | Villager (Male) |
| 9:48 | Build | House |
| 9:50 | Create | Scout Cavalry |
| 10:04 | Build | Archery Range |
| 10:06 | Create | Villager (Male) |
| 10:19 | Build | Mining Camp |
| 10:39 | Create | Scout Cavalry |
| 10:45 | Build | Farm |
| 11:01 | Build | Farm |
| 11:09 | Build | House |
| 11:17 | Create | Archer |
| 11:22 | Build | Farm |
| 11:30 | Build | Farm |
| 11:30 | Create | Villager (Male) |
| 11:30 | Create | Villager (Male) |
| 11:35 | Create | Archer |
| 11:35 | Create | Archer |
| 11:43 | Build | Palisade Wall |
| 11:47 | Create | Villager (Male) |
| 11:57 | Create | Archer |
| 12:12 | Create | Villager (Male) |
| 12:16 | Create | Villager (Male) |
| 12:36 | Build | House |
| 12:38 | Build | Palisade Wall |
| 12:44 | Create | Archer |
| 12:48 | Build | Palisade Wall |
| 12:52 | Create | Villager (Male) |
| 12:57 | Build | Farm |
| 12:59 | Build | Farm |
| 13:04 | Build | Farm |
| 13:08 | Create | Archer |
| 13:14 | Create | Villager (Male) |
| 13:37 | Create | Archer |
| 13:38 | Create | Villager (Male) |
| 14:06 | Create | Villager (Male) |
| 14:11 | Build | House |
| 14:13 | Build | Palisade Wall |
| 14:16 | Create | Archer |
| 14:20 | Create | Villager (Male) |
| 14:37 | Create | Villager (Male) |
| 14:39 | Build | Farm |
| 14:40 | Build | Farm |
| 14:55 | Build | Farm |
| 15:28 | Build | Farm |
| 15:35 | Create | Villager (Male) |
| 15:41 | Build | Farm |
| 15:42 | Build | Farm |
| 15:43 | Build | Farm |
| 15:45 | Build | Farm |
| 15:47 | Create | Villager (Male) |
| 16:00 | Build | House |
| 16:03 | Create | Villager (Male) |
| 16:13 | Build | House |
| 17:07 | Research | Castle Age |
| 17:07 | Research | Castle Age |
| 17:15 | Build | Lumber Camp |
| 17:20 | Build | Archery Range |
| 17:38 | Build | Blacksmith |
| 17:59 | Research | Gold Mining |
| 18:10 | Research | Bloodlines |
| 18:34 | Research | Fletching |
| 19:06 | Build | Archery Range |
| 19:47 | Age | Castle Age |
| 19:48 | Create | Steppe Lancer |
| 19:49 | Create | Steppe Lancer |
| 19:50 | Create | Villager (Male) |
| 19:52 | Create | Cavalry Archer |
| 19:53 | Create | Cavalry Archer |
| 19:53 | Create | Cavalry Archer |
| 19:57 | Research | Bodkin Arrow |
| 19:57 | Research | Bodkin Arrow |
| 20:10 | Build | University |
| 20:15 | Create | Steppe Lancer |
| 20:16 | Create | Villager (Male) |
| 20:27 | Create | Cavalry Archer |
| 20:27 | Create | Cavalry Archer |
| 20:27 | Create | Cavalry Archer |
| 20:39 | Create | Villager (Male) |
| 20:50 | Create | Cavalry Archer |
| 20:50 | Create | Cavalry Archer |
| 20:51 | Create | Villager (Male) |
| 21:09 | Create | Cavalry Archer |
| 21:09 | Create | Cavalry Archer |
| 21:30 | Create | Cavalry Archer |
| 21:30 | Create | Cavalry Archer |
| 21:32 | Create | Villager (Male) |
| 21:38 | Research | Ballistics |
| 21:38 | Create | Villager (Male) |
| 21:40 | Build | House |
| 21:41 | Build | House |
| 21:52 | Build | Palisade Gate |
| 22:01 | Create | Cavalry Archer |
| 22:02 | Create | Cavalry Archer |
| 22:03 | Create | Villager (Male) |
| 22:10 | Create | Villager (Male) |
| 22:10 | Create | Cavalry Archer |
| 22:11 | Create | Cavalry Archer |
| 22:15 | Build | Farm |
| 22:18 | Build | Lumber Camp |
| 22:24 | Create | Villager (Male) |
| 22:39 | Create | Cavalry Archer |
| 22:42 | Create | Cavalry Archer |
| 22:52 | Create | Villager (Male) |
| 22:54 | Create | Cavalry Archer |
| 23:02 | Create | Cavalry Archer |
| 23:04 | Create | Villager (Male) |
| 23:10 | Create | Villager (Male) |
| 23:14 | Create | Cavalry Archer |
| 23:21 | Research | Husbandry |
Match timeline
| 7:05 | KauTrEnS · first_building Barracks |
| 8:10 | Hameed · first_building Barracks |
| 8:18 | Hameed · wall_segment Palisade Wall x5 |
| 8:25 | KauTrEnS · age_up feudal |
| 8:31 | KauTrEnS · first_building Stable |
| 8:53 | Hameed · age_up feudal |
| 9:21 | Hameed · wall_segment Palisade Wall x6 |
| 10:04 | KauTrEnS · first_building Archery Range |
| 10:57 | Hameed · wall_segment Palisade Wall x3 |
| 10:58 | Hameed · wall_segment Palisade Wall x9 |
| 11:33 | Hameed · first_building Archery Range |
| 11:43 | KauTrEnS · wall_segment Palisade Wall x6 |
| 12:38 | KauTrEnS · wall_segment Palisade Wall x5 |
| 12:48 | KauTrEnS · wall_segment Palisade Wall x6 |
| 14:13 | KauTrEnS · wall_segment Palisade Wall x7 |
| 19:47 | KauTrEnS · age_up castle |
| 20:35 | Hameed · age_up castle |
| 22:50 | Hameed · wall_segment Palisade Wall x1 |
| 22:53 | Hameed · wall_segment Palisade Wall x1 |
| 27:39 | Hameed · first_market_buy 100 wood |
| 29:20 | Hameed · resign |
[ AI ANALYSIS · 1 CREDIT ]
What really happened in this match?
Wolo.gg analyzes every decision: build order, eco, micro, common mistakes by bracket. Personalized analysis on WhatsApp or Discord in 30 seconds.
Civ guide
Saracens
Perfil
Jugador #2654743